 Dungeon Crawl Stone Soup version 0.18.1-8-gdd0e5ea (webtiles) character file.

170 zeroDi the Cutter (level 5, -2/26 HPs)
             Began as a Vine Stalker Assassin on May 21, 2016.
             Succumbed to a kobold's poison
             ... on level 3 of the Dungeon.
             The game lasted 00:05:16 (2011 turns).

zeroDi the Cutter (Vine Stalker Assassin)           Turns: 2011, Time: 00:05:17

Health: -2/26      AC:  4    Str: 19    XL:     5   Next: 50%
Magic:  5/6        EV: 11    Int: 11    God:
Gold:   107        SH:  0    Dex: 16    Spells: 0 memorised, 4 levels left

rFire  . . .     SeeInvis .     a - +1 dagger (speed)
rCold  . . .     Gourm    .     c - +0 robe
rNeg   . . .     Faith    .     (no shield)
rPois  .         Spirit   +     (no helmet)
rElec  .         Dismiss  .     d - +0 cloak
rCorr  .         Reflect  .     (no gloves)
SustAt .         Harm     .     o - +0 pair of boots
MR     .....                    (no amulet)
Stlth  +++.......               (no ring)
                                (no ring)

@: mighty, lethally poisoned (-2 -> -31), slowed, very slow, not resistant to
hostile enchantments, fairly stealthy
A: fangs 2, regeneration 1, magic shield, antimagic bite, no device heal 3, rot
immunity
a: no special abilities


You were on level 3 of the Dungeon.
You were hungry.

You visited 1 branch of the dungeon, and saw 3 of its levels.

You collected 107 gold pieces.


Innate Abilities, Weirdness & Mutations

You have extremely sharp teeth.
Your natural rate of healing is unusually fast.
When hurt, damage is shared between your health and your magic reserves.
Your bite disrupts and absorbs the magic of your enemies.
Potions and wands cannot restore your health.
You are immune to rotting.


   Skills:
 - Level 1.7 Fighting
 - Level 5.0 Short Blades
 - Level 1.7 Throwing
 + Level 0.7 Dodging
 * Level 4.9 Stealth


You had 4 spell levels left.
You didn't know any spells.

Inventory:

Hand Weapons
 a - a +1 dagger of speed (weapon)
 b - a +0 blowgun
 m - a +2 dagger
Missiles
 e - 33 poisoned needles
 f - 2 curare-tipped needles {=f}
 l - 2 throwing nets {=f}
Armour
 c - a +0 robe (worn)
 d - a +0 cloak (worn)
 o - a +0 pair of boots (worn)
Jewellery
 k - an uncursed amulet of harm {unknown}
Scrolls
 h - 2 scrolls of identify {unknown}
 j - 4 scrolls of teleportation {unknown}
 q - a scroll of blinking {unknown}
 r - 3 scrolls of fear {unknown}
 u - a scroll of remove curse {unknown}
Comestibles
 g - 3 bread rations
 i - a meat ration
 n - a beef jerky
 s - 6 fruits
 v - 4 chunks of flesh

Dungeon Overview and Level Annotations

Branches:
Dungeon (3/15)

Altars:
Dithmenos
Fedhas
Gozag
Ru
Sif Muna

........(........................
#######.(#######.######.#.##.####
.........###(..#.# #.#.####
########(.##...#.# #.# .
##.##...#.# ####.# ## #.##...#.#
.....# #).#...#.# .....#
##(#...#(# .o...#
#.....#@##.....# ##.(..#.Ko.....#
#.(..#(##....## #....#.# #####
##.###.##### #.........#
##........# #........# #........+


You could see an orc wizard and a kobold.


Message History

You are lethally poisoned!
Drink which item? (? for menu, Esc to quit)
It was a potion of cure mutation.
It has a very clean taste.
* * * LOW HITPOINT WARNING * * *
You feel sick.
The kobold shoots a poisoned needle.
The poisoned needle hits you!
You are more poisoned.
The kobold shoots a poisoned needle.
The poisoned needle hits you!
You are more poisoned.
Drink which item? (? for menu, Esc to quit)
It was a potion of might.
You feel very mighty all of a sudden.
* * * LOW HITPOINT WARNING * * *
You feel very sick.
The kobold shoots a poisoned needle.
The poisoned needle hits you!
You are more poisoned.
You are too injured to fight recklessly!
Unknown command.
Unknown command.
You die...

Action                   |  1- 3 |  4- 6 || total
-------------------------+-------+-------++-------
Melee: Dagger            |   110 |    83 ||   193
       Bite              |    18 |    30 ||    48
 Fire: Blowgun           |       |    13 ||    13
  Use: Potion            |       |     3 ||     3
 Stab: Sleeping          |     6 |       ||     6
       Distracted        |     1 |       ||     1
  Eat: Chunk             |     2 |     1 ||     3
Armor: Robe              |    19 |    12 ||    31
Dodge: Dodged            |    41 |    20 ||    61

Vault maps used:
D:1:      minmay_arrival_stair_chambers, serial_bayou_lagoon_b
D:2:      fedhas_altar_fruit_tree, nicolae_dithmenos_shadow_blocks,
          lemuel_crystal_altar, nicolae_overflow_crystal_walls, led_sif_pool
D:3:      nemelex_deck, first_bread, uniq_jessica, uniq_robin, uniq_iyjb

Notes
Turn   | Place    | Note
--------------------------------------------------------------
     0 | D:1      | zeroDi the Vine Stalker Assassin began the quest for the Orb.
     0 | D:1      | Reached XP level 1. HP: 11/11 MP: 2/2
    52 | D:1      | Reached skill level 2 in Short Blades
   279 | D:1      | Reached XP level 2. HP: 15/15 MP: 3/3
   848 | D:2      | Found a shadowy altar of Dithmenos.
  1087 | D:2      | Reached skill level 3 in Short Blades
  1124 | D:2      | Reached XP level 3. HP: 18/18 MP: 4/4
  1127 | D:2      | Found a sacrificial altar of Ru.
  1262 | D:2      | Found a deep blue altar of Sif Muna.
  1363 | D:2      | Found an opulent altar of Gozag.
  1480 | D:2      | Found a blossoming altar of Fedhas.
  1663 | D:3      | Noticed Ijyb
  1720 | D:3      | Reached XP level 4. HP: 23/23 MP: 5/5
  1732 | D:3      | Noticed Jessica
  1740 | D:3      | Killed Ijyb
  1740 | D:3      | Reached skill level 4 in Short Blades
  1756 | D:3      | Killed Jessica
  1784 | D:3      | Noticed Robin
  1806 | D:3      | Reached XP level 5. HP: 24/26 MP: 6/6
  1813 | D:3      | Killed Robin
  1983 | D:3      | Reached skill level 5 in Short Blades
  2010 | D:3      | HP: 1/26 [poisoned by a kobold]
  2011 | D:3      | Succumbed to a kobold's poison

Vanquished Creatures
  An orc wizard (D:3)
  Jessica (D:3)
  Ijyb (D:3)
  Robin (D:3)
  2 adders
  A worm (D:2)
  2 dart slugs (D:1)
  2 giant geckos
  3 orcs (D:3)
  2 bats
  2 giant cockroaches (D:2)
  8 goblins
  8 hobgoblins
  4 jackals (D:2)
  A quokka (D:2)
  3 giant newts
  5 kobolds
  3 rats
50 creatures vanquished.
